 Dungeon Crawl Stone Soup version 0.19.1 (webtiles) character file.

7131 JeffiDaFish the Blocker (level 11, 0/68 HPs)
             Began as a Gargoyle Fighter on Nov 29, 2016.
             Was an Elder of Makhleb.
             Slain by a death knight
             ... wielding a +0 broad axe
              (16 damage)
             ... on level 11 of the Dungeon.
             The game lasted 00:47:31 (10399 turns).

JeffiDaFish the Blocker (Gargoyle Fighter)         Turns: 10399, Time: 00:47:31

Health: 0/68       AC: 28    Str: 21    XL:     11   Next: 10%
Magic:  16/16      EV:  6    Int:  9    God:    Makhleb [****..]
Gold:   461        SH: 11    Dex: 11    Spells: 1 memorised, 13 levels left

rFire  . . .     SeeInvis .     E - +0 morningstar
rCold  . . .     Gourm    +     G - +1 plate armour
rNeg   + . .     Faith    .     c - +0 shield
rPois  ∞         Spirit   .     a - +0 helmet
rElec  +         Reflect  .     v - +2 cloak
rCorr  .         Harm     .     (no gloves)
MR     .....                    i - +0 pair of boots
Stlth  ..........               x - amulet of the gourmand
                                B - ring of Shadows {Umbra +Inv Stlth+}
                                s - ring of stealth

@: wreathed by umbra
A: negative energy resistance 1, electricity resistance, unbreathing,
petrification resistance, rot immunity, AC +7
a: Minor Destruction, Lesser Servant of Makhleb, Major Destruction, Renounce
Religion, Evoke Invisibility


You were on level 11 of the Dungeon.
You worshipped Makhleb.
Makhleb was greatly pleased with you.
You were very full.

You visited 1 branch of the dungeon, and saw 11 of its levels.
You also visited: Sewer.

You collected 461 gold pieces.

Inventory:

Hand Weapons
 E - a +0 morningstar (weapon)
Armour
 a - a +0 helmet (worn)
 c - a +0 shield (worn)
 i - a +0 pair of boots (worn)
 v - a +2 cloak (worn)
 G - a +1 plate armour (worn)
Jewellery
 s - a ring of stealth (left hand)
 x - an amulet of the gourmand (around neck)
 B - the ring of Shadows (right hand) {Umbra +Inv Stlth+}
   (You found it on level 5 of the Dungeon)

   [ring of stealth]

   It lets you turn invisible.
   It makes you more stealthy.
Wands
 F - a wand of random effects (27/48)
 K - a wand of disintegration (7/24)
Scrolls
 e - a scroll of fear
 j - 3 scrolls of blinking
 l - 2 scrolls of remove curse
 n - 8 scrolls of teleportation
 y - 2 scrolls of magic mapping
 I - a scroll of recharging
 J - a scroll of identify
 L - 2 scrolls of amnesia
Potions
 b - 3 potions of magic
 d - 2 potions of might
 g - 3 potions of haste
 h - a potion of invisibility
 q - 2 potions of heal wounds
 r - 3 potions of curing
 t - 3 potions of cancellation
 u - a potion of brilliance
 w - 2 potions of resistance
 C - a potion of ambrosia {unknown}
 D - a potion of agility
Books
 k - a book of Maledictions

   Spells                             Type                      Level
   a - Corona                         Hexes                        1
   b - Ensorcelled Hibernation        Hexes/Ice                    2
   c - Confuse                        Hexes                        3
   d - Tukima's Dance                 Hexes                        3
   e - Dazzling Spray                 Conjuration/Hexes            3
 A - a book of Misfortune

   Spells                             Type                      Level
   a - Confusing Touch                Hexes                        1
   b - Confuse                        Hexes                        3
   c - Gell's Gravitas                Hexes/Translocation          3
   d - Petrify                        Transmutation/Earth          4
   e - Metabolic Englaciation         Hexes/Ice                    5
   f - Yara's Violent Unravelling     Hexes/Transmutation          5
Comestibles
 f - 4 bread rations
 m - 3 beef jerkies
 p - 2 slices of pizza
 z - 2 meat rations
 H - 10 royal jellies


   Skills:
 * Level 7.7 Fighting
 * Level 8.5 Maces & Flails
 * Level 8.2 Armour
 + Level 2.8 Dodging
 - Level 3.2 Stealth
 * Level 8.7 Shields
 + Level 3.4 Spellcasting
 + Level 2.6 Hexes
 + Level 3.0 Invocations
 + Level 3.1 Evocations


You had 13 spell levels left.
You knew the following spells:

 Your Spells              Type           Power        Failure   Level  Hunger
a - Confuse               Hex            #.......     100%        3    ###....


Dungeon Overview and Level Annotations

Branches:
Dungeon (11/15)            Temple (0/1) D:7
   Lair: D:8-11         Orc: D:9-12

Altars:
Ashenzari
Dithmenos
Gozag
Hepliaklqana
Makhleb
Okawaru
Qazlal
Sif Muna
Xom
Zin

Shops:
D:5 (!   D:8 (   D:9 *


Innate Abilities, Weirdness & Mutations

You are resistant to torment.
Your stone body is resilient. (AC +7)
You are immune to poison.
You resist negative energy. (rN+)
You are resistant to electric shocks. (rElec)
You can survive without breathing.
You are immune to petrification.
You are immune to rotting.


Message History

You block the death knight's attack.
You feel much better. You block the death knight's attack.
You impale the death knight!!
The death knight is heavily wounded.
The death knight hits you with a broad axe!
* * * LOW HITPOINT WARNING * * *
You impale the death knight!!
The death knight is almost dead.
You hit the death knight.
The death knight is almost dead.
The death knight invokes the aid of Yredelemnul against you.
Your body is wracked with pain!
* * * LOW HITPOINT WARNING * * *
You closely miss the death knight.
The death knight is almost dead.
The death knight hits you but does no damage.
You completely miss the death knight.
The death knight is almost dead.
The death knight hits you with a broad axe!
You die...

#..
#.#
#.#
#.#
#.#
#.#
#<#
#.#
#@#
#p#
#.#
..#
..#
#.##
#.
#.


You could see a death knight.

Vanquished Creatures
  A tengu warrior (D:10)
  A hill giant (D:10)
  A tengu conjurer (D:10)
  A hippogriff (D:9)
  8 yaks
  A wyvern (D:9)
  The ghost of Dfrag the Firebug, an amateur DsFE (D:3)
  2 orc warriors
  A sky beast (D:5)
  A black bear (D:9)
  2 eyes of draining
  A necrophage (D:9)
  3 ogres
  A phantom (D:9)
  3 centaurs
  5 bullfrogs
  4 big kobolds
  2 scorpions
  A water moccasin skeleton (D:8)
  5 killer bees (D:9)
  13 wights
  4 howler monkeys (D:10)
  3 crimson imps
  A bullfrog zombie (D:8)
  8 jellies
  10 orc wizards
  A bullfrog skeleton (D:7)
  6 orc priests
  A hound (D:6)
  4 iguanas
  5 worker ants
  A gnoll (D:2)
  3 river rats (Sewer)
  15 adders
  A howler monkey skeleton (D:8)
  2 shadow imps
  6 oozes
  2 worms (Sewer)
  2 dart slugs
  10 leopard geckos
  50 orcs
  11 bats
  5 giant cockroaches
  12 goblins
  5 hobgoblins
  9 jackals
  4 quokkas
  6 ball pythons
  3 frilled lizards
  A jackal skeleton (D:5)
  A jackal zombie (D:8)
  16 kobolds
  A quokka skeleton (D:8)
  7 rats
274 creatures vanquished.

Vanquished Creatures (others)
  A kobold (D:8)
1 creature vanquished.

Grand Total: 275 creatures vanquished

Notes
Turn   | Place    | Note
-------+----------+-------------------------------------------
     0 | D:1      | JeffiDaFish the Gargoyle Fighter began the quest for the Orb.
     0 | D:1      | Reached XP level 1. HP: 14/14 MP: 1/1
    92 | D:1      | Reached XP level 2. HP: 19/19 MP: 2/2
   644 | D:2      | Reached XP level 3. HP: 13/23 MP: 3/3
  1024 | D:2      | Reached XP level 4. HP: 29/29 MP: 4/4
  1261 | D:2      | Found an iron altar of Okawaru.
  1261 | D:2      | Found a faded altar of an unknown god.
  1266 | D:2      | Found a faded altar of an unknown god.
  1272 | D:2      | Found a faded altar of an unknown god.
  1273 | D:2      | Found a shadowy altar of Dithmenos.
  1407 | D:3      | Noticed Dfrag's ghost (amateur DsFE)
  1421 | D:3      | Killed Dfrag's ghost
  1421 | D:3      | Reached XP level 5. HP: 4/33 MP: 5/5
  1821 | D:3      | Found a shattered altar of Ashenzari.
  1851 | D:3      | Reached XP level 6. HP: 38/38 MP: 6/6
  1884 | D:3      | Reached skill level 5 in Shields
  1936 | D:3      | Found an opulent altar of Gozag.
  2124 | D:3      | Found a deep blue altar of Sif Muna.
  2124 | D:3      | Found a stormy altar of Qazlal.
  2168 | D:3      | Found a burning altar of Makhleb.
  2175 | D:3      | Became a worshipper of Makhleb the Destroyer
  2644 | D:4      | Reached skill level 1 in Dodging
  2773 | D:4      | Found a hazy altar of Hepliaklqana.
  2956 | D:4      | Found a glowing drain.
  3030 | Sewer    | Entered a sewer
  3084 | Sewer    | Reached XP level 7. HP: 43/43 MP: 7/7
  3318 | Sewer    | Reached * piety under Makhleb
  3348 | Sewer    | Reached skill level 5 in Maces & Flails
  3916 | D:5      | Entered Level 5 of the Dungeon
  4009 | D:5      | Found Giefaz's Weapon Boutique.
  4318 | D:5      | Found Qaetathro's Distillery.
  4457 | D:5      | Reached skill level 1 in Stealth
  4537 | D:5      | Reached skill level 5 in Fighting
  4537 | D:5      | Reached XP level 8. HP: 37/49 MP: 8/8
  5510 | D:6      | Reached skill level 5 in Armour
  5797 | D:6      | Found a stormy altar of Qazlal.
  5849 | D:6      | Found a shimmering altar of Xom.
  5855 | D:6      | Noticed an angel
  5890 | D:6      | Found a glowing silver altar of Zin.
  6162 | D:6      | Learned a level 3 spell: Confuse
  6216 | D:6      | Reached skill level 1 in Evocations
  6711 | D:7      | Found a staircase to the Ecumenical Temple.
  6873 | D:7      | You fall through a shaft!
  6953 | D:8      | Reached XP level 9. HP: 55/55 MP: 10/10
  6960 | D:8      | Reached ** piety under Makhleb
  6981 | D:8      | Reached skill level 1 in Spellcasting
  7075 | D:8      | Reached skill level 1 in Hexes
  7331 | D:8      | Found Jumaphuf's Weapon Shop.
  7418 | D:8      | Reached *** piety under Makhleb
  8269 | D:9      | Reached skill level 1 in Invocations
  8375 | D:9      | Reached XP level 10. HP: 48/61 MP: 13/13
  8459 | D:9      | Found Inkoth's Incredible Inventory.
  8943 | D:9      | Reached **** piety under Makhleb
  9224 | D:10     | Entered Level 10 of the Dungeon
  9627 | D:10     | Noticed a tengu warrior
  9669 | D:10     | Killed a tengu warrior
  9872 | D:10     | Reached XP level 11. HP: 67/67 MP: 16/16
 10085 | D:10     | Noticed a hill giant
 10101 | D:10     | Killed a hill giant
 10363 | D:11     | Noticed a death knight
 10399 | D:11     | Slain by a death knight

Skill      XL: |  1  2  3  4  5  6  7  8  9 10 11 |
---------------+----------------------------------+-----
Shields        | 4 5 6 7 8 |  8.7
Maces & Flails | 3 4 5 6 7 8 |  8.5
Armour         | 4 5 6 8 |  8.2
Fighting       | 4 5 6 7 |  7.7
Dodging        | 1 2 |  2.8
Stealth        | 1 2 3 |  3.2
Evocations     | 1 2 3 |  3.1
Spellcasting   | 2 3 |  3.4
Hexes          | 1 2 |  2.6
Invocations    | 1 2 3 |  3.0

Action                   |  1- 3 |  4- 6 |  7- 9 | 10-12 || total
-------------------------+-------+-------+-------+-------++-------
Melee: Flail             |   147 |   256 |   332 |       ||   735
       Morningstar       |       |       |   635 |   551 ||  1186
  Use: Potion            |     4 |     4 |     4 |     1 ||    13
       Scroll            |     3 |     5 |    13 |     2 ||    23
 Stab: Confused          |       |       |       |     2 ||     2
  Eat: Chunk             |     1 |    10 |    28 |     7 ||    46
Armor: Chain mail        |   102 |   171 |   205 |       ||   478
       Scale mail        |     1 |       |       |       ||     1
       Plate armour      |       |       |   454 |   395 ||   849
Dodge: Dodged            |    41 |    49 |   258 |   173 ||   521
Block: Shield            |   100 |   157 |   639 |   352 ||  1248
